 Dungeon Crawl Stone Soup version 0.27-a0-1196-g3e9cee4cb2 (webtiles) character file.

Game seed: 1461833640565266733

28 pokeman the Magician (level 3, -6/20 HPs)
             Began as a Deep Elf Hedge Wizard on May 29, 2021.
             Mangled by a gnoll
             ... wielding a +0 flail
              (11 damage)
             ... on level 1 of the Dungeon.
             The game lasted 00:01:54 (1149 turns).

pokeman the Magician (Deep Elf Hedge Wizard)        Turns: 1149, Time: 00:01:54

Health: -6/20      AC:  2    Str:  7    XL:     3   Next: 0%
Magic:  0/11       EV: 12    Int: 19    God:
Gold:   11         SH:  0    Dex: 14    Spells: 1/12 levels left

rFire    . . .     SeeInvis .   a - +0 dagger
rCold    . . .     Faith    .   (no shield)
rNeg     . . .     Spirit   .   b - +0 robe
rPois    .         Reflect  .   c - +0 hat
rElec    .         Harm     .   (no cloak)
rCorr    .         Rampage  .   (no gloves)
Will     .....                  (no boots)
Stlth    ++........             (no amulet)
HPRegen  0.06/turn              (no ring)
MPRegen  0.12/turn              (no ring)

@: no status effects
A: no striking features
a: no special abilities


You were on level 1 of the Dungeon.
You visited 1 branch of the dungeon, and saw 1 of its levels.

You collected 11 gold pieces.

Inventory:

Hand Weapons
 a - a +0 dagger (weapon)
Missiles
 h - 23 bolts
Armour
 b - a +0 robe (worn)
 c - a +0 hat (worn)
 k - a +0 tower shield
Scrolls
 e - a scroll of torment {unknown}
 f - 4 scrolls of amnesia {unknown}
 g - a scroll of silence {unknown}
 j - a scroll of magic mapping {unknown}
Potions
 d - a potion of berserk rage {unknown}
 i - a potion of curing {unknown}


   Skills:
 + Level 0.7 Fighting
 + Level 0.7 Armour
 - Level 2.4 Dodging
 - Level 2.4 Stealth
 * Level 5.0 Spellcasting
 + Level 1.7 Conjurations
 - Level 1.1 Summonings
 - Level 1.1 Translocations


You had one spell level left.
You knew the following spells:

 Your Spells              Type           Power      Damage    Failure   Level
a - Magic Dart            Conj           44%        1d5       6%          1
b - Mephitic Cloud        Conj/Pois/Air  7%         N/A       28%         3
c - Call Imp              Summ           9%         N/A       12%         2
d - Blink                 Tloc           N/A        N/A       12%         2
e - Conjure Flame         Conj/Fire      8%         6-21      26%         3

Your spell library contained the following spells:

 Spells                   Type           Power      Damage    Failure   Level
 Slow                     Hex            4%         N/A       19%         2


Dungeon Overview and Level Annotations

Branches:
Dungeon (1/15)

Altars:


Message History

Casting: Magic Dart (safe; 6% risk of failure)
Confirm with . or Enter, or press ? or * to list all spells.
Aiming: Magic Dart (safe; 6% risk of failure)
Press: ? - help, Shift-Dir - straight line, f/p - gnoll
Aim: a gnoll, wielding a +0 flail (severely wounded, 100% to hit)
The magic dart hits the gnoll.
The gnoll is severely wounded.
The gnoll hits you with a +0 flail!
Ouch! That really hurt!
The gnoll hits you with a +0 flail!
* * * LOW HITPOINT WARNING * * *
The gnoll closely misses you.
Casting: Magic Dart (safe; 6% risk of failure)
Confirm with . or Enter, or press ? or * to list all spells.
A beastly little devil appears in a puff of flame.
The gnoll closely misses you.
The gnoll hits your crimson imp with a +0 flail.
The gnoll closely misses your crimson imp.
Your crimson imp blinks!
Casting: Call Imp (safe; 12% risk of failure)
Confirm with . or Enter, or press ? or * to list all spells.
A beastly little devil appears in a puff of flame.
Your crimson imp blinks!
Casting: Call Imp (safe; 12% risk of failure)
Confirm with . or Enter, or press ? or * to list all spells.
You miscast Call Imp.
You are very lightly contaminated with residual magic.
Nothing appears to happen.
Your magical contamination has completely faded away.
Casting: Call Imp (safe; 12% risk of failure)
Confirm with . or Enter, or press ? or * to list all spells.
A beastly little devil appears in a puff of flame.
Your crimson imp barely misses the gnoll.
Your crimson imp disappears in a puff of smoke!
Your crimson imp barely misses the gnoll.
You hit the gnoll but do no damage.
The gnoll is heavily wounded.
The gnoll hits you with a +0 flail!
Ouch! That really hurt!
You die...

###5# #.##.##.....## #.#
#.##..>......# #.# #.#####......#
#5# #.# #......# #.#
#.#####.###..####### #.#
####.......# #........####
#.####.....####.###............
#......###.####.............###
####....§..5.g@......#####..# #
######..####.♣5♣#.........##..# #
........####.#.##..#.#.##.##..# #
#######.##...♣.♣#..#.#.##.....# #
####.##.###.##..#.#.#####..# # #
#....##.##♣.♣#..#.#.# ##...### #
#.##............#.#.###.....##
####.#####.##♣.♣#.##.#...........
#^##'## #.# #.##.##.####........


You could see a gnoll (ally target) and 2 friendly crimson imps.

Vanquished Creatures
  A dart slug (D:1)
  3 ball pythons (D:1)
  2 bats (D:1)
  5 endoplasms (D:1)
  2 goblins (D:1)
  2 hobgoblins (D:1)
  2 quokkas (D:1)
  2 frilled lizards (D:1)
  3 kobolds (D:1)
  A rat (D:1)
23 creatures vanquished.

Notes
Turn   | Place    | Note
-------+----------+-------------------------------------------
     0 | D:1      | pokeman the Deep Elf Hedge Wizard began the quest for the
                  | Orb.
     0 | D:1      | Reached XP level 1. HP: 10/10 MP: 7/7
   382 | D:1      | Reached XP level 2. HP: 15/15 MP: 5/9
   459 | D:1      | Found a faded altar of an unknown god.
   865 | D:1      | Reached skill level 5 in Spellcasting
  1093 | D:1      | Reached XP level 3. HP: 20/20 MP: 9/11
  1097 | D:1      | Learned a level 3 spell: Mephitic Cloud
  1100 | D:1      | Learned a level 2 spell: Call Imp
  1103 | D:1      | Learned a level 2 spell: Blink
  1107 | D:1      | Learned a level 3 spell: Conjure Flame
  1149 | D:1      | Mangled by a gnoll

Illustrated notes

Levels and vault maps discovered:
D:1:      shiori_arrival_whats_in_store_for_you, layout_loops_ring,
          ebering_ecumenical_altar_sacrificial, serial_forest,
          infiniplex_forest_lined_2, infiniplex_forest_corner_1,
          infiniplex_forest_straight_1, infiniplex_forest_fountain,
          infiniplex_forest_lined_3, minmay_tromino_v4_a

Skill      XL: |  1  2 |
---------------+-------+-----
Spellcasting   | 5 |  5.0
Fighting       | |  0.7
Armour         | |  0.7
Dodging        | |  2.4
Stealth        | |  2.4
Conjurations   | |  1.7
Summonings     | |  1.1
Translocations | |  1.1

Action                   || total
-------------------------++-------
Melee: Dagger            ||     5
 Cast: Magic Dart        ||    58
       Call Imp          ||     3
Armor: Robe              ||     1
Dodge: Dodged            ||     7

Table legend: (Time is in decaauts)
 A = Elapsed time spent in this place.
 B = Non-inter-level travel time spent in this place.
 C = Inter-level travel time spent in this place.
 D = Time resting spent in this place.
 E = Time spent auto-exploring this place.
 F = Levels seen in this place.
 G = Mean time per level.
                   A        B        C        D        E       F      G
               +--------+--------+--------+--------+--------+-----+--------+
         Total |   1149 |   1149 |      0 |     23 |    970 |   1 | 1149.0 |
       Dungeon |   1149 |   1149 |      0 |     23 |    970 |   1 | 1149.0 |
               +--------+--------+--------+--------+--------+-----+--------+

Top non-repeatable levels by time:
     D:1: 1149 daAuts
